 Dungeon Crawl Stone Soup version 0.17-a0-737-gf0a300a (webtiles) character file.

154 Ngotmuk the Shield-Bearer (level 5, -1/49 HPs)
             Began as a Deep Dwarf Fighter on Apr 25, 2015.
             Slain by an adder (2 damage)
             ... on level 3 of the Dungeon.
             The game lasted 00:06:02 (2232 turns).

Ngotmuk the Shield-Bearer (Deep Dwarf Fighter)      Turns: 2232, Time: 00:06:02

Health: -1/49      AC: 10    Str: 20    XL:     5   Next: 13%
Magic:  5/5        EV:  7    Int:  9    God:
Gold:   190        SH:  9    Dex: 12    Spells: 0 memorised, 4 levels left

rFire  . . .     SeeInvis .     a - +1 war axe
rCold  . . .     Clarity  .     b - +0 scale mail
rNeg   . . .     SustAb   .     c - +0 shield
rPois  .         Gourm    .     t - +1 helmet
rElec  .         Spirit   .     (no cloak)
rCorr  .         Warding  .     j - +0 pair of gloves
rMut   .         Stasis   .     (no boots)
MR     .....                    w - amulet of inaccuracy (curse)
Stlth  +.........               (no ring)
                                v - ring of wizardry

@: lethally poisoned (-1 -> -1), non-regenerating, not resistant to hostile
enchantments, very unstealthy
A: damage resistance, recharge devices, sense surroundings 1, slow healing 3
a: Device Recharging


You were on level 3 of the Dungeon.
You were not hungry.

You visited 1 branch of the dungeon, and saw 3 of its levels.

You collected 190 gold pieces.

Inventory:

Hand weapons
 a - a +1 war axe (weapon)
Armour
 b - a +0 scale mail (worn)
 c - a +0 shield (worn)
 j - a +0 pair of gloves (worn)
 t - a +1 helmet (worn)
Jewellery
 v - a ring of wizardry (left hand)
 w - a cursed amulet of inaccuracy (around neck)
Magical devices
 e - a wand of heal wounds (7)
 u - a wand of digging (6)
Scrolls
 g - a scroll of identify
 i - a scroll of amnesia
 n - a scroll of fear
Potions
 d - a potion of might
 h - a potion of resistance
 l - a potion of flight
 o - a potion of heal wounds {unknown}
 p - a potion of lignification
 q - 2 potions of poison {unknown}
Comestibles
 f - 3 bread rations
 k - 2 fruits
 m - 2 meat rations


   Skills:
 + Level 3.3 Fighting
 + Level 2.9 Axes
 + Level 4.0 Armour
 + Level 2.6 Stealth
 + Level 4.4 Shields


You had 4 spell levels left.
You didn't know any spells.

Dungeon Overview and Level Annotations

Branches:
Dungeon (3/15)

Altars:


Innate Abilities, Weirdness & Mutations

You are resistant to damage.
You can recharge devices by infusing magical energy.
You passively map a small area around you.
You do not heal naturally.


Message History

You block the adder's attack. x2
You closely miss the adder.
The adder is heavily wounded.
The adder completely misses you. The adder bites you but does no damage.
You closely miss the adder.
The adder is heavily wounded.
The adder misses you. You block the adder's attack.
You closely miss the adder.
The adder is heavily wounded.
You block the adder's attack.
You hit the adder.
The adder is severely wounded.
You block the adder's attack. The adder bites you.
* * * LOW HITPOINT WARNING * * *
You are poisoned.
The adder poisons you!
You miss the adder.
The adder is severely wounded.
The adder bites you but does no damage. The adder bites you.
You die...

#.......### #.##.#
######....# #....#
#####....# #..###
#........# #).((.
#......### #.###(
#......# ###.#.#.
#.....#####.....#.
#####........#..##.#.
#...@.##..##.#.....#)
###S#.##..##.#.##....
#.#.##..##.#.##.### *
..#.##.......##.#
...#......#.####.#
.##.####.#.#.# #.###
## #.####.#.#.# #.##.
#......#.#.####.##.
######.............


You could see an adder.

Vanquished Creatures
  Robin (D:2)
  6 adders
  2 oozes
  2 worms
  5 giant geckos
  An orc (D:3)
  3 bats
  2 giant cockroaches
  8 hobgoblins
  3 jackals (D:1)
  3 giant newts (D:2)
  19 goblins
  9 kobolds
  5 rats
69 creatures vanquished.

Notes
Turn   | Place    | Note
--------------------------------------------------------------
     0 | D:1      | Ngotmuk, the Deep Dwarf Fighter, began the quest for the Orb.
     0 | D:1      | Reached XP level 1. HP: 20/20 MP: 1/1
    74 | D:1      | Reached skill level 1 in Stealth
   220 | D:1      | Reached XP level 2. HP: 21/27 MP: 2/2
   771 | D:2      | Reached XP level 3. HP: 19/33 MP: 3/3
  1030 | D:2      | Reached skill level 4 in Shields
  1046 | D:2      | Noticed Robin
  1055 | D:2      | Reached XP level 4. HP: 16/40 MP: 4/4
  1058 | D:2      | Killed Robin
  1709 | D:3      | Reached XP level 5. HP: 16/49 MP: 5/5
  2231 | D:3      | HP: 1/49 [adder (3)]
  2232 | D:3      | Slain by an adder

Action                   |  1- 3 |  4- 6 || total
-------------------------+-------+-------++-------
Melee: War axe           |   133 |   241 ||   374
Evoke: Wand              |     1 |     1 ||     2
  Use: Scroll            |       |    14 ||    14
  Eat: Pizza             |       |     1 ||     1
       Meat ration       |       |     1 ||     1
